 Dungeon Crawl Stone Soup version 0.21.1-1-g345015f (webtiles) character file.

749 Mirai the Conjurer (level 7, 0/36 HPs)
             Began as a Deep Elf Conjurer on Feb 17, 2018.
             Was an Initiate of Vehumet.
             Slain by a centaur skeleton (7 damage)
             ... on level 5 of the Dungeon.
             The game lasted 00:18:11 (3822 turns).

Mirai the Conjurer (Deep Elf Conjurer)              Turns: 3822, Time: 00:18:11

Health: 0/36       AC:  7    Str:  5    XL:     7   Next: 48%
Magic:  1/19       EV: 12    Int: 28    God:    Vehumet [......]
Gold:   33         SH:  0    Dex: 15    Spells: 8/19 levels left

rFire    + . .     SeeInvis .   m - +1 quarterstaff (protect)
rCold    + . .     Gourm    .   (shield currently unavailable)
rNeg     . . .     Faith    +   k - +0 leather armour
rPois    +         Spirit   .   s - +0 helmet
rElec    +         Reflect  .   J - scarf {cloud immunity}
rCorr    +         Harm     .   n - +2 pair of gloves
MR       .....                  (no boots)
Stlth    +++.......             u - amulet of faith
HPRegen  0.12/turn              A - +6 ring of intelligence
MPRegen  0.16/turn              i - ring of poison resistance

@: resistant
A: no striking features
a: Renounce Religion


You were on level 5 of the Dungeon.
You worshipped Vehumet.
Vehumet was noncommittal.
You were hungry.

You visited 2 branches of the dungeon, and saw 6 of its levels.

You collected 257 gold pieces.
You spent 224 gold pieces at shops.

Inventory:

Hand Weapons
 m - a +1 quarterstaff of protection (weapon)
Armour
 k - a +0 leather armour (worn)
 n - a +2 pair of gloves (worn)
 s - a +0 helmet (worn)
 J - a scarf of cloud immunity (worn)
Magical Staves
 t - an uncursed staff of earth
Jewellery
 i - a ring of poison resistance (right hand)
 p - a +3 ring of intelligence
 u - an amulet of faith (around neck)
 A - a +6 ring of intelligence (left hand)
Wands
 K - a wand of digging (13)
Scrolls
 d - 2 scrolls of enchant armour
 f - 3 scrolls of fog {unknown}
 j - 2 scrolls of amnesia {unknown}
 o - a scroll of immolation {unknown}
 r - 2 scrolls of remove curse
 v - a scroll of teleportation {unknown}
 x - 2 scrolls of identify {unknown}
 C - 2 scrolls of blinking {unknown}
 D - a scroll of magic mapping {unknown}
 E - a scroll of enchant weapon {unknown}
 F - a scroll of noise {unknown}
Potions
 g - 2 potions of magic {unknown}
 h - 2 potions of resistance
 l - a potion of flight {unknown}
 q - a potion of haste {unknown}
 B - a potion of cancellation {unknown}
 H - 3 potions of curing {unknown}
 I - a potion of might {unknown}
Books
 b - a book of Conjurations

   Spells                             Type                      Level
   a - Magic Dart                     Conjuration                  1
   b - Searing Ray                    Conjuration                  2
   c - Dazzling Spray                 Conjuration/Hexes            3
   d - Fulminant Prism                Conjuration/Hexes            4
   e - Force Lance                    Conjuration/Translocation    4
   f - Iskenderun's Mystic Blast      Conjuration                  4
Comestibles
 c - 15 rations


   Skills:
 + Level 0.3 Staves
 + Level 3.1 Dodging
 + Level 4.7 Stealth
 + Level 6.9 Spellcasting
 + Level 7.4 Conjurations
 * Level 1.9 Hexes


You had 8 spell levels left.
You knew the following spells:

 Your Spells              Type           Power        Failure   Level  Hunger
a - Magic Dart            Conj           ####         1%          1    None
b - Searing Ray           Conj           ######       1%          2    None
c - Iskenderun's Mystic   Conj           ######..     4%          4    ##.....
d - Fulminant Prism       Conj/Hex       #####.....   13%         4    ##.....


Dungeon Overview and Level Annotations

Branches:
Dungeon (5/15)             Temple (1/1) D:4

Altars:
Ashenzari
Cheibriados
Elyvilon
Fedhas
Gozag
Kikubaaqudgha
Makhleb
Nemelex Xobeh
Ru
Sif Muna
Trog
Uskayaw
Vehumet
Wu Jian
Xom
Yredelemnul
Zin
The Shining One

Shops:
D:5 (

Annotations:
D:5 Eustachio; Reldio's ghost, novice MfGl


Message History

Aim: a centaur skeleton (moderately damaged)
The searing ray hits the centaur skeleton.
The centaur skeleton is heavily damaged. (Press . to maintain the ray.)
The centaur skeleton barely misses you.
Without enough magic to sustain it, your searing ray dissipates.
The centaur skeleton closely misses you.
Casting: Searing Ray
Confirm with . or Enter, or press ? or * to list all spells.
Aiming: Magic Dart
Press: ? - help, Shift-Dir - straight line, f/p - centaur skeleton
Aim: a centaur skeleton (heavily damaged)
The magic dart hits the centaur skeleton.
The centaur skeleton is heavily damaged.
The centaur skeleton hits you but does no damage.
The centaur skeleton barely misses you. The centaur skeleton misses you.
The centaur skeleton misses you. The centaur skeleton hits you!
You die...

.... # #.####
#....###
##########.......
##...##...#.......
##...........#.#.##
#.............(....
#.................#
#.@Z...............
##................#
##...##...##......
###########.....#
#.....# #.....#
#...### ###.# # #.#
#


You could see a centaur skeleton.

Vanquished Creatures
  2 ogres (D:4)
  A phantom (D:5)
  A centaur (D:4)
  A howler monkey (D:5)
  A crimson imp (D:5)
  2 orc priests (D:5)
  A bullfrog skeleton (D:5)
  An iguana (D:4)
  Natasha (thrice) (D:3)
  An orc wizard (D:5)
  A worker ant (D:4)
  4 adders
  An ooze (D:2)
  4 worms
  A dart slug (D:2)
  A leopard gecko (D:1)
  2 orcs
  4 giant cockroaches
  6 goblins
  6 hobgoblins
  3 jackals (D:3)
  5 bats
  6 frilled lizards
  4 kobolds
  5 rats
67 creatures vanquished.

Vanquished Creatures (others)
  2 fulminant prisms (D:5)
2 creatures vanquished.

Grand Total: 69 creatures vanquished

Notes
Turn   | Place    | Note
-------+----------+-------------------------------------------
     0 | D:1      | Mirai the Deep Elf Conjurer began the quest for the Orb.
     0 | D:1      | Reached XP level 1. HP: 10/10 MP: 6/6
   350 | D:1      | Reached XP level 2. HP: 15/15 MP: 6/8
   774 | D:2      | Reached skill level 5 in Conjurations
   917 | D:2      | Reached XP level 3. HP: 19/19 MP: 7/9
   999 | D:2      | Learned a level 2 spell: Searing Ray
  2239 | D:3      | Reached XP level 4. HP: 24/24 MP: 7/11
  2252 | D:3      | Found a glowing silver altar of Zin.
  2449 | D:3      | Noticed Natasha
  2459 | D:3      | Killed Natasha
  2595 | D:3      | Noticed Natasha
  2602 | D:3      | Killed Natasha
  2653 | D:3      | Noticed Natasha
  2658 | D:3      | Killed Natasha
  2658 | D:3      | Reached skill level 6 in Conjurations
  2658 | D:3      | Reached XP level 5. HP: 28/28 MP: 7/13
  2691 | D:3      | Learned a level 4 spell: Iskenderun's Mystic Blast
  2696 | D:3      | Learned a level 4 spell: Fulminant Prism
  2777 | D:4      | Noticed an ogre
  2784 | D:4      | Killed an ogre
  2784 | D:4      | Reached skill level 5 in Spellcasting
  2868 | D:4      | Found a sparkling altar of Nemelex Xobeh.
  2868 | D:4      | Found a shimmering altar of Xom.
  2880 | D:4      | Reached XP level 6. HP: 28/32 MP: 6/15
  3099 | D:4      | Found a staircase to the Ecumenical Temple.
  3103 | Temple   | Entered the Ecumenical Temple
  3165 | Temple   | Became a worshipper of Vehumet
  3387 | D:4      | Reached skill level 7 in Conjurations
  3535 | D:5      | Entered Level 5 of the Dungeon
  3539 | D:5      | Noticed Eustachio
  3546 | D:5      | Noticed Reldio's ghost (novice MfGl)
  3556 | D:5      | Found Erunuu's Antique Weapon Shop.
  3603 | D:5      | Bought a glowing quarterstaff for 224 gold pieces
  3658 | D:5      | Reached skill level 1 in Hexes
  3658 | D:5      | Reached XP level 7. HP: 20/36 MP: 4/18
  3822 | D:5      | Slain by a centaur skeleton

Skill      XL: |  1  2  3  4  5  6 |
---------------+-------------------+-----
Conjurations   | 5 6 7 |  7.4
Stealth        | 3 4 |  4.7
Spellcasting   | 4 5 6 |  6.9
Dodging        | 3 |  3.1
Hexes          | 1 |  1.9
Staves         | |  0.3

Action                   |  1- 3 |  4- 6 |  7- 9 || total
-------------------------+-------+-------+-------++-------
Melee: Staff             |       |     3 |       ||     3
       Quarterstaff      |       |       |    19 ||    19
 Cast: Magic Dart        |    63 |    45 |    15 ||   123
       Searing Ray       |     4 |    13 |     3 ||    20
       Fulminant Prism   |       |       |     2 ||     2
  Use: Scroll            |       |     2 |       ||     2
       Potion            |       |       |     1 ||     1
 Stab: Sleeping          |       |     1 |       ||     1
  Eat: Chunk             |     4 |     4 |       ||     8
Armor: Robe              |     3 |     5 |       ||     8
       Leather armour    |       |     3 |     9 ||    12
Dodge: Dodged            |    13 |    12 |    20 ||    45
